 Dungeon Crawl Stone Soup version 0.31.0-9-g3a7656b989 (webtiles) character file.

Game seed: 15085772002608268482

163 qw the Shooter (level 5, 0/26 HPs)
             Began as a Spriggan Hunter on Feb 2, 2024.
             Incinerated by a bombardier beetle (4 damage)
             ... with a burning spray
             ... on level 4 of the Dungeon.
             The game lasted 00:00:09 (2611 turns).

qw the Shooter (Spriggan Hunter)                    Turns: 2611, Time: 00:00:10

Health: 0/26       AC:  2    Str:  7    XL:     5   Next: 20%
Magic:  6/6        EV: 25    Int: 11    God:
Gold:   182        SH:  0    Dex: 20    Spells: 4/4 levels left

rFire   . . .        a - +1 shortbow
rCold   . . .        (shield currently unavailable)
rNeg    . . .        c - +0 robe
rPois   .            (helmet restricted)
rElec   .            (no cloak)
rCorr   .            (gloves unavailable)
SInv    +            (boots unavailable)
Will    .....        (no amulet)
Stlth   +            i - +5 ring of evasion
HPRegen 0.24/turn    (no ring)
MPRegen 0.10/turn

%: no passive effects
@: on fire, glowing, very quick
A: very small, no large weapons, unfitting armour, see invisible, speed 3
a: no special abilities


You were on level 4 of the Dungeon.
You visited 1 branch of the dungeon, and saw 4 of its levels.

You collected 182 gold pieces.


Innate Abilities, Weirdness & Mutations

You are very small and have problems with some larger weapons.
You are too small for most types of armour.
You have supernaturally acute eyesight. (SInv)
You cover ground extremely quickly. (Speed+++)


   Skills:
 - Level 2.0 Fighting
 + Level 5.3 Ranged Weapons
 - Level 5.1 Dodging
 - Level 1.5 Stealth


You had 4 spell levels left.
You didn't know any spells.
Your spell library was empty.

Inventory:

Hand Weapons
 a - a +1 shortbow (weapon)
Armour
 c - a +0 robe (worn)
Jewellery
 i - a +5 ring of evasion (left hand)
Scrolls
 e - a scroll of vulnerability {unknown}
 g - 2 scrolls of enchant armour
 h - a scroll of teleportation
 k - 2 scrolls of identify
Potions
 b - a potion of curing
 d - a potion of mutation {unknown}
 f - a potion of heal wounds {unknown}
 j - a potion of might {unknown}

Dungeon Overview and Level Annotations

Branches:
Dungeon (4/15)
 Temple: D:4-7

Altars:

Annotations:
D:4 2 transporters


Message History

Found 2 poisoned darts.
Found a stone staircase leading down.
Found a club.
j - a fizzy white potion A hobgoblin comes into view.
You shoot an arrow. The arrow hits the hobgoblin!
You kill the hobgoblin!
Found 4 stones.
k - 2 scrolls of identify A bombardier beetle comes into view.
Enter note:
Enter note: You shoot an arrow.
The arrow hits the bombardier beetle!
The bombardier beetle is heavily wounded.
You shoot an arrow.
The arrow barely misses the bombardier beetle.
You shoot an arrow.
The arrow barely misses the bombardier beetle.
The bombardier beetle sprays incendiary fluid at you.
The burning spray hits you.
You are covered in liquid fire!
You shoot an arrow. The arrow hits the bombardier beetle.
The bombardier beetle is severely wounded.
The liquid fire burns you!
You shoot an arrow.
The arrow barely misses the bombardier beetle.
The liquid fire burns you!
The bombardier beetle sprays incendiary fluid at you.
The burning spray hits you.
You are even more covered in liquid fire!
You shoot an arrow. The arrow hits the bombardier beetle!
You kill the bombardier beetle!
The liquid fire burns you!
You have reached level 5!
You feel clever.
You are on fire!
The liquid fire burns you!
You are on fire!
The liquid fire burns you!
You are on fire!
The liquid fire burns you!
You die...

#..#........###### ~~
#......#.##.### ~~.
..............#
~~.##..#.....##.### #####.#
~~..#..#.#...##.#
......###~~.....#.#.#.##.#
#g###... ~~.#...#........#
###.#.# #~~.....###.###.##
....#####~~%....@.........#
~~~~~~~~~~~%#.#..##.###.###
~~~~~~~~~~~.# ##.##.#
.........%..# #..#.#
..#.....#### ##....
#.#.......# ...#
#.#.....#.# ...#
.......##.# ....
#.##.####.#


There were no monsters in sight!

Vanquished Creatures
  A howler monkey (D:3)
  A bombardier beetle (D:4)
  An adder (D:3)
  3 dart slugs
  A ribbon worm (D:3)
  6 ball pythons
  9 endoplasms
  A giant cockroach (D:1)
  5 goblins
  6 hobgoblins
  5 jackals
  9 kobolds
  4 quokkas
  7 bats
  8 rats
67 creatures vanquished.

Notes
Turn   | Place    | Note
-------+----------+-------------------------------------------
     0 | D:1      | qw the Spriggan Hunter began the quest for the Orb.
     0 | D:1      | Reached XP level 1. HP: 10/10 MP: 2/2
     0 | D:1      | 0 ||| qw: Version: 0.3-a-155-g5e7d8dd
     0 | D:1      | 0 ||| qw: Game counter: 1874
     0 | D:1      | 0 ||| qw: Melee chars always use a shield: true
     0 | D:1      | 0 ||| qw: God list: Okawaru
     0 | D:1      | 0 ||| qw: Allow faded altars: false
     0 | D:1      | 0 ||| qw: Do Orc after clearing Dungeon:15 true
     0 | D:1      | 0 ||| qw: Do second Lair branch before Depths: true
     0 | D:1      | 0 ||| qw: Lair rune preference: random
     0 | D:1      | 0 ||| qw: Goals: Normal
     0 | D:1      | 0 ||| PLANNING D:1-11
    87 | D:1      | Reached skill level 3 in Dodging
   103 | D:1      | HP: 2/10 [quokka (4)]
   180 | D:1      | Reached XP level 2. HP: 14/14 MP: 3/3
   744 | D:1      | 744 ||| READING 2 scrolls labelled ASCHOT TIRIBO.
   745 | D:1      | 745 ||| READING scroll labelled TIKAOLOKUR.
   746 | D:1      | 746 ||| READING scroll labelled MUFUEM VUREA.
   747 | D:1      | 747 ||| READING scroll labelled OQIONUMMEE.
   752 | D:1      | 752 ||| DROPPING scroll of butterflies.
   753 | D:1      | 753 ||| DROPPING scroll of fear.
   769 | D:2      | Reached XP level 3. HP: 18/18 MP: 4/4
   818 | D:2      | Found a faded altar of an unknown god.
   883 | D:2      | You fall into a shaft and drop 2 floors!
   895 | D:4      | 895 ||| READING scroll labelled TUICI ASSIGAEK.
   895 | D:4      | 895 ||| ENCHANTING +0 shortbow.
  1138 | D:3      | 1138 ||| READING scroll labelled JOUD TUABO CEG NER.
  1734 | D:3      | Reached XP level 4. HP: 22/22 MP: 5/5
  2200 | D:3      | 2200 ||| UPGRADING to +5 ring of evasion.
  2201 | D:3      | 2201 ||| READING scroll labelled OMPULIQAEST.
  2201 | D:3      | 2201 ||| IDENTIFYING pink potion
  2202 | D:3      | 2202 ||| READING scroll labelled KATIODGHEITH.
  2202 | D:3      | 2202 ||| ENCHANTING +0 shortbow.
  2203 | D:3      | 2203 ||| READING scroll labelled BAQOW XAIHIA.
  2383 | D:4      | Found a transporter.
  2388 | D:4      | Found a transporter.
  2609 | D:4      | Reached XP level 5. HP: 12/26 MP: 6/6
  2610 | D:4      | HP: 4/26 [burnt (5)]
  2611 | D:4      | Incinerated by a bombardier beetle

Levels and vault maps discovered:
D:1:      dpeg_arrival_orchard, layout_basic, serial_rivers,
          chequers_serial_rivers_room_a, chequers_serial_rivers_small_a,
          chequers_serial_rivers_large_a, chequers_serial_rivers_micro_e
D:2:      minmay_general_purpose_star, layout_rooms,
          shapermc_ecumenical_altar_totnotflames, kennysheep_decorative_pillar,
          minmay_small_reverse_x
D:3:      layout_loops_corners
D:4:      layout_basic, gammafunk_ghost_gnarly_gnolls

Skill      XL: |  1  2  3  4 |
---------------+-------------+-----
Dodging        | 3 4 5 |  5.1
Ranged Weapons | 5 |  5.3
Fighting       | 2 |  2.0
Stealth        | |  1.5

Action                     |  1- 3 |  4- 6 || total
---------------------------+-------+-------++-------
   Fire: Shortbow          |   142 |    34 ||   176
    Use: Scroll            |     6 |     3 ||     9
 Armour: Robe              |    12 |       ||    12
  Dodge: Dodged            |    39 |     4 ||    43

Table legend:
 A = Non-vault XP
 B = Vault XP
 C = Vault XP percentage of total XP
 D = Non-vault monster count
 E = Vault monster count
 F = Vault count percentage of total count
                 A         B        C        D         E       F
            +---------+---------+-------+---------+---------+-------
      Total |     219 |      14 |   6.0 |      59 |       8 |  11.9
            +---------+---------+-------+---------+---------+-------
        D:1 |      40 |       0 |   0.0 |      21 |       0 |   0.0
        D:2 |      22 |      14 |  38.9 |      12 |       8 |  40.0
        D:3 |      93 |       0 |   0.0 |      17 |       0 |   0.0
        D:4 |      64 |       0 |   0.0 |       9 |       0 |   0.0
            +---------+---------+-------+---------+---------+-------
